 Dungeon Crawl Stone Soup version 0.17-a0-2027-gcac42c4 (webtiles) character file.

51 graki42 the Insei (level 3, 0/31 HPs)
             Began as a Naga Transmuter on Oct 10, 2015.
             Killed from afar by Ijyb (8 damage)
             ... with a wand of flame
             ... on level 2 of the Dungeon.
             The game lasted 00:05:06 (1867 turns).

graki42 the Insei (Naga Transmuter)                 Turns: 1867, Time: 00:05:06

Health: 0/31       AC:  2    Str: 12    XL:     3   Next: 83%
Magic:  5/6        EV: 10    Int: 13    God:
Gold:   53         SH:  0    Dex: 12    Spells: 2 memorised, 2 levels left

rFire  . . .     SeeInvis +       - Unarmed
rCold  . . .     Clarity  .     b - +0 robe
rNeg   . . .     SustAt   .     (no shield)
rPois  +         Gourm    .     (no helmet)
rElec  .         Spirit   .     (no cloak)
rCorr  .         Warding  .     (no gloves)
rMut   .         Stasis   .     (no barding)
MR     .....                    (no amulet)
Stlth  +.........               (no ring)
                                (no ring)

@: appendage, very slow, not resistant to hostile enchantments, very unstealthy
A: horns 2, see invisible, deformed body, poison resistance, slowness 2, slow
metabolism 1, spit poison 2, AC +1
a: Spit Poison, End Transformation


You were on level 2 of the Dungeon.
You were not hungry.
You had grown temporary horns.
You visited 1 branch of the dungeon, and saw 2 of its levels.

You collected 53 gold pieces.

Inventory:

Missiles
 a - 42 arrows
Armour
 b - a +0 robe (worn)
 h - a +2 helmet
Scrolls
 e - 2 scrolls of enchant weapon {unknown}
 g - a scroll of identify {unknown}
 i - a scroll of enchant armour {unknown}
Potions
 f - a potion of heal wounds {unknown}
 j - a potion of cancellation {unknown}
 l - a potion of ambrosia {unknown}
Books
 c - a book of Changes

   Spells                             Type                      Level
   a - Beastly Appendage              Transmutation                1
   b - Sticks to Snakes               Transmutation                2
   c - Spider Form                    Transmutation/Poison         3
   d - Ice Form                       Ice/Transmutation            4
   e - Blade Hands                    Transmutation                5
 k - a book of the Dragon

   Spells                             Type                      Level
   a - Flame Tongue                   Conjuration/Fire             1
   b - Cause Fear                     Hexes                        4
   c - Bolt of Fire                   Conjuration/Fire             6
   d - Dragon Form                    Transmutation                7
   e - Dragon's Call                  Summoning                    9
Comestibles
 d - a bread ration


   Skills:
 + Level 1.3 Fighting
 + Level 2.0 Dodging
 + Level 0.4 Stealth
 + Level 3.5 Unarmed Combat
 + Level 2.3 Spellcasting
 * Level 2.5 Transmutations


You had 2 spell levels left.
You knew the following spells:

 Your Spells              Type           Power        Failure   Level  Hunger
a - Beastly Appendage     Trmt           #.....       10%         1    #......
b - Spider Form           Trmt/Pois      #.........   52%         3    ###....


Dungeon Overview and Level Annotations

Branches:
Dungeon (2/15)

Altars:

Annotations:
D:2 Ijyb


Innate Abilities, Weirdness & Mutations

You cannot wear boots.
Your serpentine skin is tough (AC +1).
You have supernaturally acute eyesight.
Armour fits poorly on your strangely shaped body.
Your system is resistant to poisons.
You cover ground very slowly.
You have a slow metabolism.
You can spit poison.
You have a pair of horns on your head.


Message History

Confirm with . or Enter, or press ? or * to list all spells.
You grow a pair of large bovine horns.
You found a teleport trap!
Ijyb zaps a wand.
The puff of flame hits you!
It is a wand of flame.
You closely miss Ijyb. Your headbutt misses Ijyb.
Ijyb zaps a wand.
The puff of flame hits you!
You miss Ijyb.
Ijyb zaps a wand.
The puff of flame hits you!
* * * LOW HITPOINT WARNING * * *
You hit Ijyb.
Ijyb is lightly wounded.
Ijyb barely misses you.
You hit Ijyb. Your headbutt misses Ijyb. Your punch misses Ijyb.
Ijyb is moderately wounded.
Ijyb barely misses you.
You hit Ijyb.
Ijyb is moderately wounded.
You hit Ijyb but do no damage.
Ijyb is moderately wounded.
Ijyb zaps a wand.
The puff of flame hits you!
You die...

....... .......
.......### #####.#
........... ..##.#
........##.###.##.##+###
.......%# ...#.##.......
....^.g.# #............
#@####............
#...........# ..##
#######.....##...#
...............
##########..#..
#####..#.. #.........
#.##..##.. #.##..# .#


You could see Ijyb.

Vanquished Creatures
  2 oozes (D:1)
  A giant gecko (D:1)
  6 bats
  4 giant cockroaches
  7 goblins
  2 kobolds (D:2)
  4 giant newts (D:1)
  7 jackals (D:1)
  7 rats
40 creatures vanquished.

Notes
Turn   | Place    | Note
--------------------------------------------------------------
     0 | D:1      | graki42 the Naga Transmuter began the quest for the Orb.
     0 | D:1      | Reached XP level 1. HP: 18/18 MP: 3/3
   115 | D:1      | Reached XP level 2. HP: 22/25 MP: 1/5
   695 | D:1      | Reached XP level 3. HP: 22/31 MP: 4/6
   700 | D:1      | Learned a level 3 spell: Spider Form
  1859 | D:2      | Noticed Ijyb
  1867 | D:2      | Killed from afar by Ijyb

Vault maps used:
D:1:      dpeg_arrival_three_same_balls, kennysheep_minor_cross
D:2:      nicolae_overflow_hidden_temple, lemuel_doored_altar, first_bread,
          uniq_sigmund, uniq_iyjb

Action                   || total
-------------------------++-------
Melee: Unarmed           ||   112
 Cast: Beastly Appendage ||    36
 Stab: Sleeping          ||     1
  Eat: Chunk             ||     3
